 Dungeon Crawl Stone Soup version 0.17-a0-1248-g117de50 (webtiles) character file.

266 patman2 the Cleaver (level 6, 0/76 HPs)
             Began as a Minotaur Berserker on June 5, 2015.
             Was a Believer of Trog.
             Succumbed to a scorpion's poison
             ... on level 5 of the Dungeon.
             The game lasted 00:03:36 (857 turns).

patman2 the Cleaver (Minotaur Berserker)             Turns: 857, Time: 00:03:36

Health: 0/76       AC:  2    Str: 26    XL:     6   Next: 0%
Magic:  5/5        EV: 12    Int:  4    God:    Trog [**....]
Gold:   75         SH:  0    Dex: 12    Spells: 0 memorised, 5 levels left

rFire  . . .     SeeInvis .     g - +0 war axe
rCold  . . .     Clarity  .     b - +0 animal skin
rNeg   . . .     SustAt   .     (no shield)
rPois  .         Gourm    .     (helmet restricted)
rElec  .         Spirit   .     (no cloak)
rCorr  .         Warding  .     (no gloves)
rMut   .         Stasis   .     (no boots)
MR     .....                    (no amulet)
Stlth  ..........               (no ring)
                                (no ring)

@: berserking, lethally poisoned (0 -> -18), very quick, not resistant to
hostile enchantments, extremely unstealthy
A: retaliatory headbutt, horns 2
a: Burn Spellbooks, Berserk, Trog's Hand, Renounce Religion


You were on level 5 of the Dungeon.
You worshipped Trog.
Trog was pleased with you.
You were not hungry.

You visited 1 branch of the dungeon, and saw 5 of its levels.

You collected 75 gold pieces.

Inventory:

Hand weapons
 a - a +0 hand axe
 g - a +0 war axe (weapon)
 l - a +0 blowgun
Missiles
 m - 20 poisoned needles
Armour
 b - a +0 animal skin (worn)
Scrolls
 e - a scroll of identify {unknown}
 f - a scroll of recharging {unknown}
 j - a scroll of amnesia {unknown}
 o - a scroll of remove curse {unknown}
 p - a scroll of noise {unknown}
Potions
 h - a potion of berserk rage {unknown}
 i - a potion of flight {unknown}
 k - a potion of might {unknown}
 n - a potion of curing {unknown}
Comestibles
 c - 2 bread rations
 d - 5 chunks of flesh


   Skills:
 - Level 3.6 Fighting
 + Level 8.1 Axes
 - Level 2.4 Armour
 - Level 2.1 Dodging


You had 5 spell levels left.
You didn't know any spells.

Dungeon Overview and Level Annotations

Branches:
Dungeon (5/15)
 Temple: D:4-7

Altars:
Xom


Innate Abilities, Weirdness & Mutations

You reflexively headbutt those who attack you in melee.
You have a pair of horns on your head.


Message History

The scorpion is moderately wounded.
* * * LOW HITPOINT WARNING * * *
You feel sick.
Unknown command.
You hit the scorpion.
The scorpion is heavily wounded.
* * * LOW HITPOINT WARNING * * *
You feel sick. The scorpion stings you!
* * * LOW HITPOINT WARNING * * *
Unknown command.
You slash the scorpion!
You kill the scorpion!
Trog accepts your kill.
Your Axes skill increases to level 8!
You have reached level 6!
Your experience leads to an increase in your attributes!
Your base attributes are Str 21, Int 4, Dex 11.
Increase (S)trength, (I)ntelligence, or (D)exterity?
You feel agile.
You die...

####################
##......รท............
#........###########.
#........#...........
#........#.##########
#...@....#.###
#........#...#######
#........###........
#........# #..#####.#
##........##........#
#........##...###.##
#........##..##
#........##..#
#..#######


There were no monsters in sight!

Vanquished Creatures
  A scorpion (D:5)
  A centaur skeleton (D:5)
  2 orc wizards (D:4)
  7 gnolls
  2 adders
  An ooze (D:4)
  A worm (D:5)
  4 giant geckos
  3 orcs (D:4)
  2 ball pythons (D:2)
  3 bats
  A bat skeleton (D:4)
  A giant cockroach (D:3)
  A goblin (D:5)
  2 hobgoblins (D:2)
  3 jackals (D:2)
  4 kobolds
  A ball python skeleton (D:4)
  A giant gecko skeleton (D:5)
  A quokka (D:2)
  4 rats
46 creatures vanquished.

Notes
Turn   | Place    | Note
--------------------------------------------------------------
     0 | D:1      | patman2 the Minotaur Berserker began the quest for the Orb.
     0 | D:1      | Reached XP level 1. HP: 19/19 MP: 0/0
    15 | D:1      | You fall through a shaft!
    20 | D:2      | Reached skill level 4 in Axes
    22 | D:2      | Reached XP level 2. HP: 26/26 MP: 1/1
    67 | D:2      | Reached skill level 5 in Axes
   168 | D:3      | Reached XP level 3. HP: 8/31 MP: 2/2
   171 | D:3      | HP: 1/46 [gnoll/club (7)]
   278 | D:4      | Acquired Trog's second power
   278 | D:4      | Reached skill level 6 in Axes
   278 | D:4      | Reached XP level 4. HP: 26/39 MP: 3/3
   383 | D:4      | Reached XP level 5. HP: 16/45 MP: 4/4
   384 | D:4      | Reached skill level 7 in Axes
   678 | D:5      | Entered Level 5 of the Dungeon
   807 | D:5      | Found a shimmering altar of Xom.
   856 | D:5      | HP: 1/67 [scorpion (8)]
   857 | D:5      | Reached skill level 8 in Axes
   857 | D:5      | Reached XP level 6. HP: 1/51 MP: 5/5
   857 | D:5      | Succumbed to a scorpion's poison

Vault maps used:
D:1:      minmay_arrival_shattered_statue, minmay_cupped
D:2:      kennysheep_generic_room_10
D:3:      gammafunk_temple_overflow_wave
D:4:      minmay_temple_entry_statues_pillars
D:5:      nicolae_overflow_hidden_temple, first_bread

Action                   |  1- 3 |  4- 6 || total
-------------------------+-------+-------++-------
Melee: Hand axe          |    23 |       ||    23
       War axe           |    10 |    46 ||    56
Invok: Berserk           |     3 |     3 ||     6
  Eat: Chunk             |       |     5 ||     5
